 Dungeon Crawl Stone Soup version 0.30.0-29-ga12c61a403 (webtiles) character file.

Game seed: 6727074744315304420

68625 qw the Severer (level 15, -2/100 HPs)
             Began as a Gargoyle Fighter on June 4, 2023.
             Was a High Priest of Okawaru.
             Killed by divine providence
             ... invoked by a meliai
              (10 damage)
             ... on level 14 of the Dungeon.
             The game lasted 00:10:45 (20222 turns).

qw the Severer (Gargoyle Fighter)                  Turns: 20222, Time: 00:10:46

Health: -2/100     AC: 37    Str: 27    XL:     15   Next: 27%
Magic:  22/22      EV: 14    Int:  9    God:    Okawaru [*****.]
Gold:   689        SH: 17    Dex:  9    Spells: 14/14 levels left

rFire   . . .        Y - +0 broad axe
rCold   . . .        x - +0 tower shield
rNeg    + . .        u - +0 plate armour
rPois   inf          g - +0 helmet
rElec   +            v - +0 cloak
rCorr   .            (no gloves)
SInv    .            w - +0 pair of boots
Will    +....        (no amulet) Stlth
                     a - +4 ring of protection
HPRegen 0.36/turn    r - +5 ring of evasion
MPRegen 0.18/turn

%: no passive effects
@: about to teleport, heroic, flying
A: sickness immunity, AC +11, big wings, negative energy resistance 1,
electricity resistance, torment resistance 1, petrification resistance
a: Renounce Religion, Heroism, Finesse, Duel


You were on level 14 of the Dungeon.
You worshipped Okawaru.
Okawaru was extremely pleased with you.
You visited 3 branches of the dungeon, and saw 20 of its levels.
You visited the Abyss 1 time.

You collected 1185 gold pieces.
You spent 496 gold pieces at shops.


Innate Abilities, Weirdness & Mutations

You are immune to sickness and miasma.
Your stone body is resilient. (AC +11)
You are immune to poison.
Your large and strong wings let you fly.
You resist negative energy. (rN+)
You are resistant to electric shocks. (rElec)
You are resistant to unholy torment.
You are immune to petrification.


   Skills:
 - Level 13.7(18.7) Fighting
 - Level 16.0(21.0) Axes
 - Level 3.8(8.8) Throwing
 - Level 11.0(16.0) Armour
 - Level 3.2(8.2) Dodging
 + Level 9.6(14.6) Shields
 - Level 10.0 Invocations


You had 14 spell levels left.
You didn't know any spells.
Your spell library was empty.

Inventory:

Hand Weapons
 B - a +2 heavy morningstar
 Y - a +0 broad axe (weapon)
Missiles
 k - 9 boomerangs (quivered)
Armour
 g - a +0 helmet (worn)
 h - +0 acid dragon scales
 u - a +0 plate armour (worn)
 v - a +0 cloak (worn)
 w - a +0 pair of boots (worn)
 x - a +0 tower shield (worn)
Jewellery
 a - a +4 ring of protection (left hand)
 l - a ring of fire
 r - a +5 ring of evasion (right hand)
 y - an amulet of guardian spirit
Wands
 s - a wand of digging (5)
Scrolls
 o - a scroll of teleportation
 q - 7 scrolls of identify
Potions
 b - 5 potions of magic
 d - 7 potions of might
 f - a potion of haste
 i - a potion of cancellation
 j - 7 potions of attraction
 m - 7 potions of lignification
 p - 2 potions of mutation
 z - a potion of curing

Dungeon Overview and Level Annotations

Branches:
Dungeon (14/15)            Temple (1/1) D:5            Lair (5/5) D:9
  Swamp (0/4) Lair:2       Spider (0/4) Lair:3        Slime (0/5) Lair:4
    Orc (0/2) D:9          Vaults (0/5) D:13

Altars:
Ashenzari
Cheibriados
Dithmenos
Elyvilon
Fedhas
Gozag
Hepliaklqana
Kikubaaqudgha
Makhleb
Nemelex Xobeh
Okawaru
Qazlal
Ru
Sif Muna
Trog
Uskayaw
Vehumet
Wu Jian
Xom
Yredelemnul
Zin
The Shining One
Jiyva

Shops:
D:9 !

Annotations:
D:14 2 runed translucent doors
Lair:1 3 runed translucent doors, Kaece's ghost, novice TeFE
Lair:3 2 transporters, qw's ghost, journeyman GrFi


Message History

Okawaru accepts your kill.
You slash the killer bee! You hit the meliai but do no damage.
You slice the killer bee!!
You kill the killer bee!
Okawaru accepts your kill.
You hear an angry buzzing noise. x2
A meliai comes into view. It is wielding a +3 hand axe.
The meliai calls down the wrath of its god upon you.
Something smites you! You block the killer bee's attack.
A killer bee comes into view.
You block the killer bee's attack. The meliai hits you with a +0 hand axe.
You block the meliai's attack.
You miss the killer bee.
The killer bee is almost dead.
You miss the killer bee. You slash the meliai!
You kill the meliai!
Okawaru accepts your kill.
The killer bee stings you but does no damage.
You block the killer bee's attack.
The meliai calls down the wrath of its god upon you.
Something smites you! The killer bee closely misses you.
You hear an angry buzzing noise.
20221 ||| READING 2 scrolls of teleportation.
As you read the scroll of teleportation, it crumbles to dust.
You feel strangely unstable. You block the killer bee's attack. x2
The meliai calls down the wrath of its god upon you.
Something smites you! You block the killer bee's attack.
The killer bee stings you but does no damage.
You block the killer bee's attack.
You barely miss the killer bee.
The killer bee is almost dead.
You slash the killer bee! You hit the killer bee. You hit the centaur warrior.
You block the centaur warrior's attack. x2
A killer bee comes into view.
The killer bee closely misses you. The killer bee stings you.
The killer bee barely misses you.
The meliai invokes the aid of its god against you.
Something smites you!
You die...

#####.####.. #.
#^.......##++ ##
#.).....$....
#........##..
#...........
#..(........
#............
#.)..........
#@y......###
.....eycy........
....yyyy....)....
y...y..#+##......
###.#.. .....
#.#.. ..... # #..
.. #..


You could see a centaur warrior, a deep elf pyromancer, 2 meliai and 7 killer
bees.

Vanquished Creatures
  A bone dragon (Abyss:2)
  3 tentacled starspawn (Abyss:2)
  Kirke (Lair:5)
  A vault guard (D:13)
  3 hydras
  2 centaur warriors (D:13)
  Erica (D:9)
  4 boulder beetles
  A two-headed ogre (D:11)
  8 death yaks
  2 catoblepae
  A deep troll shaman (Lair:5)
  A thrashing horror (Abyss:2)
  Sonja (Lair:5)
  2 skysharks
  A wretched star (Abyss:2)
  A glowing orange brain (Abyss:2)
  A lindwurm (Lair:5)
  Pikel (D:6)
  2 ugly things (D:13)
  4 cyclopes
  An oklob plant (Lair:5)
  3 manticores
  5 large abominations (Abyss:2)
  10 elephants
  7 black mambas
  3 torpor snails
  Maurice (D:9)
  9 cane toads
  3 rime drakes
  2 unseen horrors (D:12)
  6 komodo dragons
  Psyche (D:10)
  3 yaktaurs (D:14)
  2 ice devils (D:11)
  A freezing wraith (Abyss:2)
  2 ancient zymes (Abyss:2)
  A troll (D:11)
  4 meliai
  Prince Ribbit (D:6)
  2 polar bears (Lair:5)
  15 blink frogs
  Grinder (D:3)
  13 dream sheep
  2 hornets
  9 slime creatures
  6 raiju
  5 flying skulls (Abyss:2)
  4 shadows
  2 vampires
  A wyvern (D:9)
  A wraith (D:13)
  2 basilisks
  3 humans (Lair:5)
  46 yaks
  Eustachio (D:6)
  4 hogs (Lair:5)
  4 vampire mosquitoes
  2 acid dragons
  7 water moccasins
  5 ice beasts
  A sky beast (D:7)
  3 black bears
  3 ogres
  9 centaurs
  3 lemures (D:6)
  8 wolves (Lair:5)
  2 kobold brigands
  Blork the orc (D:4)
  12 bullfrogs
  A gnoll sergeant (D:10)
  A small abomination (Abyss:2)
  A scorpion (D:7)
  4 wights (D:9)
  4 killer bees (D:14)
  10 howler monkeys
  An electric eel (D:11)
  3 hounds
  4 orc priests
  2 jellies
  An iron imp (Abyss:2)
  2 gnoll boudas
  2 iguanas
  2 sleepcaps
  Natasha (twice) (D:2)
  7 orc wizards
  A boggart simulacrum (D:11)
  19 gnolls
  9 adders
  A shadow imp (D:5)
  4 white imps
  5 ufetubi
  A worm (D:4)
  31 orcs
  10 endoplasms
  5 giant cockroaches
  5 goblins
  2 hobgoblins
  4 jackals (D:1)
  2 quokkas (D:9)
  3 ball pythons
  4 bats
  2 frilled lizards (D:2)
  16 kobolds
  3 rats
  A spectral orc (D:10)
  4 starspawn tentacles (Abyss:2)
463 creatures vanquished.

Vanquished Creatures (others)
  5 starspawn tentacles (Abyss:2)
5 creatures vanquished.

Grand Total: 468 creatures vanquished

Notes
Turn   | Place    | Note
-------+----------+-------------------------------------------
     0 | D:1      | qw the Gargoyle Fighter began the quest for the Orb.
     0 | D:1      | Reached XP level 1. HP: 14/14 MP: 1/1
     0 | D:1      | 0 ||| qw: Version: 0.2-a-106-g05974ce
     0 | D:1      | 0 ||| qw: Game counter: 1167
     0 | D:1      | 0 ||| qw: Always use a shield: true
     0 | D:1      | 0 ||| qw: God list: Okawaru
     0 | D:1      | 0 ||| qw: Allow faded altars: false
     0 | D:1      | 0 ||| qw: Do Orc after D:15 true
     0 | D:1      | 0 ||| qw: Do second Lair branch before Depths: true
     0 | D:1      | 0 ||| qw: Lair rune preference: random
     0 | D:1      | 0 ||| qw: Plans: Normal, Zot:1-4, Slime:5, God:TSO, Crypt,
                  | Tomb, Abyss, Pan, Hells, Win
     0 | D:1      | 0 ||| PLANNING D:1-11
   104 | D:1      | Reached skill level 2 in Axes
   169 | D:1      | Reached XP level 2. HP: 18/19 MP: 2/2
   487 | D:1      | 487 ||| UPGRADING to +0 helmet.
   492 | D:1      | 492 ||| READING scroll labelled UTUARU KUIX.
   493 | D:1      | 493 ||| READING scroll labelled MEGOUG DAUDIN.
   494 | D:1      | 494 ||| READING scroll labelled JEUGGO JURUAL.
   621 | D:2      | Reached skill level 3 in Axes
   686 | D:2      | Reached XP level 3. HP: 23/23 MP: 3/3
   686 | D:2      | 686 ||| Stepping ~*~*~tactically~*~*~ (stealth).
   742 | D:2      | 742 ||| Stepping ~*~*~tactically~*~*~ (stealth).
   755 | D:2      | 755 ||| Stepping ~*~*~tactically~*~*~ (stealth).
   756 | D:2      | 756 ||| Stepping ~*~*~tactically~*~*~ (stealth).
   757 | D:2      | 757 ||| Stepping ~*~*~tactically~*~*~ (stealth).
   758 | D:2      | 758 ||| Stepping ~*~*~tactically~*~*~ (stealth).
   860 | D:2      | Identified the +4 spear of Goenell {pain, Will+++ Str-5
                  | Int-4 Dex+3}
   863 | D:2      | Noticed Natasha
   876 | D:2      | HP: 1/23 [Natasha/magic dart (8)]
   877 | D:2      | Killed Natasha
   878 | D:2      | Reached XP level 4. HP: 2/28 MP: 4/4
  1206 | D:2      | Reached skill level 4 in Axes
  1231 | D:2      | Noticed Natasha
  1240 | D:2      | Killed Natasha
  1540 | D:2      | 1540 ||| READING scroll labelled QOUTIV EMIS.
  1541 | D:2      | 1541 ||| READING scroll labelled KISAIPHURA.
  1542 | D:2      | 1542 ||| DRINKING 2 lumpy inky potions.
  1543 | D:2      | 1543 ||| DRINKING 2 grey potions.
  1544 | D:2      | 1544 ||| DRINKING 2 glowing grey potions.
  1570 | D:3      | Noticed Grinder
  1573 | D:3      | Paralysed by Grinder for 5 turns
  1578 | D:3      | 1578 ||| Stepping ~*~*~tactically~*~*~ (hiding).
  1579 | D:3      | 1579 ||| Stepping ~*~*~tactically~*~*~ (hiding).
  1580 | D:3      | 1580 ||| Stepping ~*~*~tactically~*~*~ (hiding).
  1582 | D:3      | Paralysed by Grinder for 3 turns
  1587 | D:3      | Paralysed by Grinder for 5 turns
  1605 | D:3      | Killed Grinder
  1606 | D:3      | Reached skill level 5 in Axes
  1606 | D:3      | Reached XP level 5. HP: 32/32 MP: 5/5
  1606 | D:3      | Reached XP level 6. HP: 37/37 MP: 6/6
  1702 | D:3      | 1702 ||| Stepping ~*~*~tactically~*~*~ (stealth).
  1704 | D:3      | 1704 ||| Stepping ~*~*~tactically~*~*~ (stealth).
  1823 | D:3      | 1823 ||| Stepping ~*~*~tactically~*~*~ (stealth).
  1824 | D:3      | 1824 ||| Stepping ~*~*~tactically~*~*~ (stealth).
  1825 | D:3      | 1825 ||| Stepping ~*~*~tactically~*~*~ (stealth).
  1827 | D:3      | 1827 ||| Stepping ~*~*~tactically~*~*~ (hiding).
  2263 | D:3      | 2263 ||| UPGRADING to +0 chain mail.
  2273 | D:3      | 2273 ||| DROPPING +0 scale mail.
  2307 | D:4      | 2307 ||| Stepping ~*~*~tactically~*~*~ (hiding).
  2308 | D:4      | Noticed Blork the orc
  2314 | D:4      | Reached XP level 7. HP: 38/44 MP: 7/7
  2317 | D:4      | Reached skill level 6 in Axes
  2318 | D:4      | Killed Blork the orc
  2319 | D:4      | Reached skill level 1 in Dodging
  2384 | D:4      | 2384 ||| DROPPING +0 club.
  2389 | D:4      | 2389 ||| Stepping ~*~*~tactically~*~*~ (stealth).
  2390 | D:4      | 2390 ||| Stepping ~*~*~tactically~*~*~ (stealth).
  2391 | D:4      | 2391 ||| DROPPING +0 whip.
  3143 | D:4      | 3143 ||| UPGRADING to +4 ring of protection.
  3144 | D:4      | 3144 ||| UPGRADING to +5 ring of evasion.
  3145 | D:4      | 3145 ||| DRINKING 2 coppery potions.
  3146 | D:4      | 3146 ||| DRINKING 4 puce potions.
  3147 | D:4      | 3147 ||| READING 3 scrolls of identify.
  3147 | D:4      | 3147 ||| IDENTIFYING pink potion
  3148 | D:4      | 3148 ||| READING 2 scrolls of identify.
  3148 | D:4      | 3148 ||| IDENTIFYING brown potion
  3149 | D:4      | 3149 ||| DROPPING potion of invisibility.
  3168 | D:5      | Entered Level 5 of the Dungeon
  3181 | D:5      | Reached skill level 7 in Axes
  3386 | D:5      | 3386 ||| Stepping ~*~*~tactically~*~*~ (hiding).
  3414 | D:5      | Reached skill level 1 in Throwing
  3467 | D:5      | Reached XP level 8. HP: 44/49 MP: 8/8
  3520 | D:5      | 3520 ||| DROPPING +0 flail.
  3545 | D:5      | 3545 ||| DRINKING 3 potions of curing.
  3545 | D:5      | 3545 ||| (to cure confusion)
  3552 | D:5      | 3552 ||| DRINKING 2 potions of curing.
  3552 | D:5      | 3552 ||| (to cure confusion)
  3556 | D:5      | 3556 ||| Stepping ~*~*~tactically~*~*~ (hiding).
  3606 | D:5      | Found a staircase to the Ecumenical Temple.
  3607 | D:5      | 3607 ||| PLANNING TEMPLE
  3607 | D:5      | 3607 ||| DROPPING ring of positive energy.
  3608 | D:5      | 3608 ||| READING 3 scrolls labelled GOROLE YGG.
  3634 | Temple   | Entered the Ecumenical Temple
  3635 | Temple   | 3635 ||| PLANNING OKAWARU WORSHIP
  3697 | Temple   | Became a worshipper of Warmaster Okawaru
  3697 | Temple   | 3697 ||| PLANNING D:1-11
  3890 | D:6      | Noticed Prince Ribbit
  3909 | D:6      | Killed Prince Ribbit
  3910 | D:6      | Reached skill level 8 in Axes
  4050 | D:6      | 4050 ||| Stepping ~*~*~tactically~*~*~ (hiding).
  4052 | D:6      | 4052 ||| Stepping ~*~*~tactically~*~*~ (hiding).
  4273 | D:6      | Reached skill level 6 in Fighting
  4301 | D:6      | 4301 ||| Stepping ~*~*~tactically~*~*~ (stealth).
  4320 | D:6      | 4320 ||| Stepping ~*~*~tactically~*~*~ (stealth).
  4345 | D:6      | 4345 ||| Stepping ~*~*~tactically~*~*~ (stealth).
  4346 | D:6      | 4346 ||| Stepping ~*~*~tactically~*~*~ (stealth).
  4347 | D:6      | 4347 ||| Stepping ~*~*~tactically~*~*~ (stealth).
  4404 | D:6      | Noticed Pikel
  4432 | D:6      | Killed Pikel
  4432 | D:6      | Reached * piety under Okawaru
  4433 | D:6      | Reached skill level 9 in Axes
  4433 | D:6      | Reached XP level 9. HP: 14/55 MP: 9/9
  4495 | D:6      | 4495 ||| INVOKING Heroism.
  4507 | D:6      | 4507 ||| INVOKING Heroism.
  4508 | D:6      | 4508 ||| INVOKING Heroism.
  4766 | D:6      | Noticed Eustachio
  4767 | D:6      | 4767 ||| INVOKING Heroism.
  4779 | D:6      | Killed Eustachio
  4862 | D:6      | 4862 ||| Stepping ~*~*~tactically~*~*~ (hiding).
  4864 | D:6      | 4864 ||| Stepping ~*~*~tactically~*~*~ (hiding).
  4867 | D:6      | 4867 ||| INVOKING Heroism.
  4996 | D:6      | 4996 ||| INVOKING Heroism.
  4997 | D:6      | 4997 ||| INVOKING Heroism.
  4998 | D:6      | 4998 ||| INVOKING Heroism.
  5201 | D:6      | 5201 ||| READING scroll labelled ZUVOON NEBE.
  5202 | D:6      | 5202 ||| DRINKING 2 bubbling coppery potions.
  5250 | D:7      | 5250 ||| INVOKING Heroism.
  5364 | D:7      | 5364 ||| Stepping ~*~*~tactically~*~*~ (hiding).
  5453 | D:7      | Reached skill level 10 in Axes
  5538 | D:7      | Reached skill level 1 in Invocations
  5709 | D:7      | Found a stormy altar of Qazlal.
  5940 | D:7      | 5940 ||| UPGRADING to +0 pair of boots.
  5945 | D:7      | 5945 ||| READING 2 scrolls of identify.
  5945 | D:7      | 5945 ||| IDENTIFYING green potion
  6031 | D:8      | Reached skill level 3 in Invocations
  6240 | D:8      | Reached XP level 10. HP: 63/63 MP: 12/12
  6252 | D:8      | Reached ** piety under Okawaru
  6265 | D:8      | 6265 ||| INVOKING Heroism.
  6415 | D:8      | Found a white marble altar of Elyvilon.
  6538 | D:8      | 6538 ||| Stepping ~*~*~tactically~*~*~ (stealth).
  6789 | D:8      | 6789 ||| READING 2 scrolls labelled OVU CALINOT.
  6790 | D:8      | 6790 ||| READING 2 scrolls labelled ZEIPTI ZANUWKE.
  6791 | D:8      | 6791 ||| READING scroll of enchant weapon.
  6791 | D:8      | 6791 ||| ENCHANTING +1 war axe.
  6792 | D:8      | 6792 ||| READING 3 scrolls labelled UXTEUCRONU.
  6793 | D:8      | 6793 ||| DROPPING scroll of blinking.
  6794 | D:8      | 6794 ||| DROPPING 2 scrolls of amnesia.
  6881 | D:9      | 6881 ||| Stepping ~*~*~tactically~*~*~ (stealth).
  6895 | D:9      | 6895 ||| INVOKING Heroism.
  6908 | D:9      | 6908 ||| FLEEEEING.
  6909 | D:9      | 6909 ||| FLEEEEING.
  6911 | D:9      | 6911 ||| FLEEEEING.
  6912 | D:9      | 6912 ||| FLEEEEING.
  6913 | D:9      | 6913 ||| FLEEEEING.
  6914 | D:9      | 6914 ||| FLEEEEING.
  6915 | D:9      | 6915 ||| INVOKING Heroism.
  7057 | D:9      | Noticed Erica
  7058 | D:9      | 7058 ||| INVOKING Heroism.
  7066 | D:9      | Killed Erica
  7145 | D:9      | 7145 ||| Stepping ~*~*~tactically~*~*~ (stealth).
  7148 | D:9      | 7148 ||| Stepping ~*~*~tactically~*~*~ (hiding).
  7161 | D:9      | 7161 ||| Stepping ~*~*~tactically~*~*~ (stealth).
  7229 | D:9      | 7229 ||| READING scroll of enchant weapon.
  7229 | D:9      | 7229 ||| ENCHANTING +2 war axe.
  7241 | D:9      | Found Idawiag's Distillery.
  7249 | D:9      | 7249 ||| BUYING 2 potions of lignification (96 gold).
  7249 | D:9      | Bought 2 potions of lignification for 96 gold pieces
  7249 | D:9      | 7249 ||| BUYING 2 potions of magic (256 gold).
  7249 | D:9      | Bought 2 potions of magic for 256 gold pieces
  7249 | D:9      | 7249 ||| BUYING potion of curing (48 gold).
  7249 | D:9      | Bought a potion of curing for 48 gold pieces
  7249 | D:9      | 7249 ||| BUYING potion of curing (48 gold).
  7249 | D:9      | Bought a potion of curing for 48 gold pieces
  7249 | D:9      | 7249 ||| BUYING potion of curing (48 gold).
  7249 | D:9      | Bought a potion of curing for 48 gold pieces
  7249 | D:9      | 7249 ||| SHOPLISTING potion of mutation (128 gold, have 5).
  7256 | D:9      | Noticed a death yak
  7257 | D:9      | 7257 ||| INVOKING Heroism.
  7259 | D:9      | Noticed a death yak
  7260 | D:9      | 7260 ||| Stepping ~*~*~tactically~*~*~ (stealth).
  7261 | D:9      | 7261 ||| Stepping ~*~*~tactically~*~*~ (stealth).
  7264 | D:9      | Noticed a death yak
  7275 | D:9      | HP: 12/64 [death yak (18)]
  7276 | D:9      | 7276 ||| READING 4 scrolls of teleportation.
  7277 | D:9      | 7277 ||| DRINKING 3 potions of heal wounds.
  7279 | D:9      | Killed a death yak
  7280 | D:9      | Reached skill level 11 in Axes
  7489 | D:9      | Found a staircase to the Orcish Mines.
  7504 | D:9      | Noticed Maurice
  7521 | D:9      | Killed Maurice
  7522 | D:9      | Reached skill level 6 in Armour
  7634 | D:9      | 7634 ||| READING scroll of enchant weapon.
  7634 | D:9      | 7634 ||| ENCHANTING +3 war axe.
  7647 | D:9      | 7647 ||| INVOKING Heroism.
  7663 | D:9      | Killed a death yak
  7664 | D:9      | Reached skill level 3 in Dodging
  7667 | D:9      | Killed a death yak
  7667 | D:9      | Reached *** piety under Okawaru
  7668 | D:9      | Reached skill level 9 in Fighting
  7668 | D:9      | Reached XP level 11. HP: 29/71 MP: 14/14
  7813 | D:9      | Found a staircase to the Lair.
  7838 | D:9      | Found an ornate altar of the Wu Jian Council.
  7838 | D:9      | Found a sacrificial altar of Ru.
  8008 | D:9      | 8008 ||| PLANNING LAIR
  8008 | D:9      | 8008 ||| UPGRADING to +0 cloak.
  8013 | D:9      | 8013 ||| DRINKING 3 bubbling silvery potions.
  8118 | D:9      | 8118 ||| READING 2 scrolls of identify.
  8118 | D:9      | 8118 ||| IDENTIFYING metallic red potion
  8119 | D:9      | 8119 ||| DROPPING potion of degeneration.
  8120 | D:9      | 8120 ||| DROPPING 2 potions of berserk rage.
  8149 | Lair:1   | Entered Level 1 of the Lair of Beasts
  8213 | Lair:1   | Noticed an oklob plant
  8214 | Lair:1   | 8214 ||| INVOKING Heroism.
  8228 | Lair:1   | Found a runed translucent gate.
  8229 | Lair:1   | Found a runed translucent gate.
  8406 | Lair:1   | 8406 ||| Stepping ~*~*~tactically~*~*~ (stealth).
  8408 | Lair:1   | 8408 ||| Stepping ~*~*~tactically~*~*~ (stealth).
  8411 | Lair:1   | 8411 ||| Stepping ~*~*~tactically~*~*~ (stealth).
  8424 | Lair:1   | 8424 ||| INVOKING Heroism.
  8440 | Lair:1   | 8440 ||| INVOKING Heroism.
  8638 | Lair:1   | 8638 ||| INVOKING Heroism.
  8689 | Lair:1   | 8689 ||| INVOKING Heroism.
  8734 | Lair:1   | 8734 ||| Stepping ~*~*~tactically~*~*~ (stealth).
  8747 | Lair:1   | Reached skill level 12 in Axes
  8828 | Lair:1   | Identified the +0 ring mail of the Curious Runes {Slay+3}
  8855 | Lair:1   | 8855 ||| Stepping ~*~*~tactically~*~*~ (stealth).
  8857 | Lair:1   | 8857 ||| INVOKING Heroism.
  8865 | Lair:1   | Reached skill level 6 in Shields
  9030 | Lair:1   | 9030 ||| INVOKING Heroism.
  9145 | Lair:1   | Found a runed translucent gate.
  9165 | Lair:1   | 9165 ||| DROPPING +0 morningstar.
  9316 | Lair:1   | 9316 ||| Stepping ~*~*~tactically~*~*~ (stealth).
  9318 | Lair:1   | 9318 ||| INVOKING Heroism.
  9345 | Lair:1   | 9345 ||| INVOKING Heroism.
  9451 | Lair:1   | Noticed Kaece's ghost (novice TeFE)
  9454 | Lair:1   | 9454 ||| DROPPING +0 ring mail of the Curious Runes
                  | {Slay+3}.
  9455 | Lair:1   | 9455 ||| READING scroll labelled UGONOLUURAFA.
  9500 | Lair:1   | 9500 ||| READING 2 scrolls labelled OMUISE TUEW.
  9501 | Lair:1   | 9501 ||| READING 2 scrolls of identify.
  9501 | Lair:1   | 9501 ||| IDENTIFYING orange potion
  9502 | Lair:1   | 9502 ||| DROPPING potion of flight.
  9503 | Lair:1   | 9503 ||| DROPPING scroll of fog.
  9524 | Lair:2   | 9524 ||| INVOKING Heroism.
  9526 | Lair:2   | 9526 ||| Stepping ~*~*~tactically~*~*~ (stealth).
  9533 | Lair:2   | 9533 ||| Stepping ~*~*~tactically~*~*~ (stealth).
  9537 | Lair:2   | 9537 ||| INVOKING Heroism.
  9564 | Lair:2   | 9564 ||| INVOKING Heroism.
  9603 | Lair:2   | Noticed a six-headed hydra
  9604 | Lair:2   | 9604 ||| INVOKING Heroism.
  9609 | Lair:2   | 9609 ||| SWAPPING to +2 heavy morningstar.
  9612 | Lair:2   | Killed a six-headed hydra
  9612 | Lair:2   | Received a gift from Okawaru
  9613 | Lair:2   | 9613 ||| SWAPPING to +4 war axe.
  9627 | Lair:2   | 9627 ||| INVOKING Heroism.
  9630 | Lair:2   | Reached **** piety under Okawaru
  9631 | Lair:2   | Reached XP level 12. HP: 51/77 MP: 12/15
  9721 | Lair:2   | 9721 ||| INVOKING Heroism.
  9728 | Lair:2   | Reached skill level 13 in Axes
  9733 | Lair:2   | 9733 ||| Stepping ~*~*~tactically~*~*~ (stealth).
  9747 | Lair:2   | 9747 ||| INVOKING Heroism.
  9770 | Lair:2   | 9770 ||| INVOKING Heroism.
  9787 | Lair:2   | Found a staircase to the Swamp.
  9787 | Lair:2   | Noticed a six-headed hydra
  9792 | Lair:2   | 9792 ||| SWAPPING to +2 heavy morningstar.
  9796 | Lair:2   | Killed a six-headed hydra
  9797 | Lair:2   | 9797 ||| SWAPPING to +4 war axe.
  9822 | Lair:2   | 9822 ||| FLEEEEING.
 10151 | Lair:2   | Noticed a skyshark
 10163 | Lair:2   | Killed a skyshark
 10203 | Lair:2   | Identified the +6 dagger of the Hidden Vale {drain, *Noise
                  | Will- Int+8 Stlth+}
 10537 | Lair:2   | 10537 ||| READING 2 scrolls of identify.
 10537 | Lair:2   | 10537 ||| IDENTIFYING emerald potion
 10538 | Lair:2   | 10538 ||| DROPPING potion of ambrosia.
 10601 | Lair:3   | 10601 ||| STAIRDANCE
 10686 | Lair:3   | Found a transporter.
 10700 | Lair:3   | Reached ***** piety under Okawaru
 10701 | Lair:3   | 10701 ||| FLEEEEING.
 10704 | Lair:3   | Noticed qw's ghost (journeyman GrFi)
 10705 | Lair:3   | 10705 ||| FLEEEEING.
 10706 | Lair:3   | 10706 ||| FLEEEEING.
 10707 | Lair:3   | 10707 ||| FLEEEEING.
 10708 | Lair:3   | 10708 ||| FLEEEEING.
 10714 | Lair:3   | 10714 ||| FLEEEEING.
 10715 | Lair:3   | 10715 ||| FLEEEEING.
 10716 | Lair:3   | 10716 ||| FLEEEEING.
 10721 | Lair:3   | 10721 ||| FLEEEEING.
 10722 | Lair:3   | 10722 ||| FLEEEEING.
 10723 | Lair:3   | 10723 ||| STAIRDANCE
 10767 | Lair:3   | 10767 ||| Stepping ~*~*~tactically~*~*~ (stealth).
 10770 | Lair:3   | 10770 ||| Stepping ~*~*~tactically~*~*~ (stealth).
 10776 | Lair:3   | Reached skill level 6 in Invocations
 10808 | Lair:3   | Found a hole to the Spider Nest.
 10872 | Lair:3   | 10872 ||| INVOKING Heroism.
 10990 | Lair:3   | 10990 ||| Stepping ~*~*~tactically~*~*~ (stealth).
 11100 | Lair:3   | Noticed a death yak
 11101 | Lair:3   | 11101 ||| INVOKING Heroism.
 11101 | Lair:3   | Noticed a death yak
 11102 | Lair:3   | 11102 ||| INVOKING Finesse.
 11114 | Lair:3   | Killed a death yak
 11122 | Lair:3   | Killed a death yak
 11123 | Lair:3   | Reached skill level 14 in Axes
 11236 | Lair:3   | Noticed a catoblepas
 11237 | Lair:3   | 11237 ||| Stepping ~*~*~tactically~*~*~ (stealth).
 11243 | Lair:3   | 11243 ||| INVOKING Heroism.
 11244 | Lair:3   | 11244 ||| INVOKING Finesse.
 11255 | Lair:3   | Killed a catoblepas
 11259 | Lair:3   | Received a gift from Okawaru
 11305 | Lair:3   | 11305 ||| Stepping ~*~*~tactically~*~*~ (stealth).
 11309 | Lair:3   | 11309 ||| INVOKING Heroism.
 11329 | Lair:3   | Reached XP level 13. HP: 59/82 MP: 17/19
 11405 | Lair:3   | Found a transporter.
 11503 | Lair:3   | 11503 ||| INVOKING Heroism.
 11660 | Lair:3   | 11660 ||| INVOKING Heroism.
 11664 | Lair:3   | 11664 ||| SWAPPING to +2 heavy morningstar.
 11667 | Lair:3   | 11667 ||| SWAPPING to +4 war axe.
 11917 | Lair:4   | 11917 ||| Stepping ~*~*~tactically~*~*~ (hiding).
 12039 | Lair:4   | 12039 ||| Stepping ~*~*~tactically~*~*~ (stealth).
 12041 | Lair:4   | 12041 ||| Stepping ~*~*~tactically~*~*~ (stealth).
 12045 | Lair:4   | 12045 ||| Stepping ~*~*~tactically~*~*~ (stealth).
 12046 | Lair:4   | 12046 ||| Stepping ~*~*~tactically~*~*~ (stealth).
 12071 | Lair:4   | Reached skill level 9 in Invocations
 12105 | Lair:4   | Found a viscous altar of Jiyva.
 12106 | Lair:4   | Found a staircase to the Slime Pits.
 12124 | Lair:4   | 12124 ||| READING scroll of enchant weapon.
 12124 | Lair:4   | 12124 ||| ENCHANTING +4 war axe.
 12428 | Lair:4   | 12428 ||| INVOKING Heroism.
 12521 | Lair:4   | 12521 ||| Stepping ~*~*~tactically~*~*~ (stealth).
 12524 | Lair:4   | 12524 ||| Stepping ~*~*~tactically~*~*~ (stealth).
 12718 | Lair:4   | 12718 ||| READING scroll of enchant weapon.
 12718 | Lair:4   | 12718 ||| ENCHANTING +5 war axe.
 12770 | Lair:4   | 12770 ||| FLEEEEING.
 12771 | Lair:4   | 12771 ||| FLEEEEING.
 12772 | Lair:4   | 12772 ||| FLEEEEING.
 12773 | Lair:4   | 12773 ||| FLEEEEING.
 12774 | Lair:4   | 12774 ||| FLEEEEING.
 12775 | Lair:4   | 12775 ||| FLEEEEING.
 12776 | Lair:4   | 12776 ||| FLEEEEING.
 12777 | Lair:4   | 12777 ||| FLEEEEING.
 12778 | Lair:4   | 12778 ||| FLEEEEING.
 12779 | Lair:4   | 12779 ||| FLEEEEING.
 12780 | Lair:4   | 12780 ||| FLEEEEING.
 12781 | Lair:4   | 12781 ||| FLEEEEING.
 12782 | Lair:4   | 12782 ||| FLEEEEING.
 12784 | Lair:4   | 12784 ||| FLEEEEING.
 12785 | Lair:4   | 12785 ||| FLEEEEING.
 12786 | Lair:4   | 12786 ||| FLEEEEING.
 12787 | Lair:4   | 12787 ||| FLEEEEING.
 12788 | Lair:4   | 12788 ||| FLEEEEING.
 12789 | Lair:4   | 12789 ||| FLEEEEING.
 12790 | Lair:4   | 12790 ||| FLEEEEING.
 12791 | Lair:4   | 12791 ||| FLEEEEING.
 12792 | Lair:4   | 12792 ||| FLEEEEING.
 12793 | Lair:4   | 12793 ||| FLEEEEING.
 12794 | Lair:4   | 12794 ||| FLEEEEING.
 12795 | Lair:4   | 12795 ||| FLEEEEING.
 12796 | Lair:4   | 12796 ||| FLEEEEING.
 12797 | Lair:4   | 12797 ||| FLEEEEING.
 12798 | Lair:4   | 12798 ||| FLEEEEING.
 12800 | Lair:4   | 12800 ||| FLEEEEING.
 12801 | Lair:4   | 12801 ||| FLEEEEING.
 12802 | Lair:4   | 12802 ||| FLEEEEING.
 12803 | Lair:4   | 12803 ||| FLEEEEING.
 12804 | Lair:4   | 12804 ||| FLEEEEING.
 12805 | Lair:4   | 12805 ||| FLEEEEING.
 12806 | Lair:4   | 12806 ||| FLEEEEING.
 12807 | Lair:4   | 12807 ||| STAIRDANCE
 13254 | Lair:5   | Entered Level 5 of the Lair of Beasts
 13282 | Lair:5   | 13282 ||| INVOKING Heroism.
 13283 | Lair:5   | 13283 ||| INVOKING Finesse.
 13298 | Lair:5   | Reached skill level 9 in Armour
 13501 | Lair:5   | 13501 ||| INVOKING Heroism.
 13736 | Lair:5   | 13736 ||| INVOKING Heroism.
 13737 | Lair:5   | 13737 ||| INVOKING Finesse.
 13919 | Lair:5   | 13919 ||| INVOKING Heroism.
 13920 | Lair:5   | 13920 ||| INVOKING Finesse.
 13928 | Lair:5   | Reached skill level 15 in Axes
 13931 | Lair:5   | 13931 ||| Stepping ~*~*~tactically~*~*~ (stealth).
 13940 | Lair:5   | 13940 ||| Stepping ~*~*~tactically~*~*~ (stealth).
 13992 | Lair:5   | 13992 ||| INVOKING Finesse.
 14031 | Lair:5   | 14031 ||| Stepping ~*~*~tactically~*~*~ (stealth).
 14032 | Lair:5   | 14032 ||| Stepping ~*~*~tactically~*~*~ (stealth).
 14033 | Lair:5   | 14033 ||| Stepping ~*~*~tactically~*~*~ (stealth).
 14051 | Lair:5   | 14051 ||| Stepping ~*~*~tactically~*~*~ (stealth).
 14084 | Lair:5   | 14084 ||| Stepping ~*~*~tactically~*~*~ (stealth).
 14085 | Lair:5   | 14085 ||| Stepping ~*~*~tactically~*~*~ (stealth).
 14086 | Lair:5   | 14086 ||| Stepping ~*~*~tactically~*~*~ (stealth).
 14087 | Lair:5   | 14087 ||| INVOKING Heroism.
 14089 | Lair:5   | 14089 ||| INVOKING Finesse.
 14100 | Lair:5   | Received a gift from Okawaru
 14151 | Lair:5   | 14151 ||| INVOKING Heroism.
 14160 | Lair:5   | Gained mutation: Your large and strong wings let you fly.
                  | [Gargoyle growth]
 14160 | Lair:5   | Reached XP level 14. HP: 83/91 MP: 19/21
 14274 | Lair:5   | Noticed Sonja
 14280 | Lair:5   | 14280 ||| INVOKING Heroism.
 14292 | Lair:5   | 14292 ||| Stepping ~*~*~tactically~*~*~ (hiding).
 14294 | Lair:5   | 14294 ||| Stepping ~*~*~tactically~*~*~ (hiding).
 14296 | Lair:5   | HP: 19/91 [Sonja/+2 short sword of distortion (4)]
 14296 | Abyss:2  | Cast into level 2 of the Abyss (Sonja)
 14320 | Abyss:2  | HP: 15/91 [large abomination (11)]
 14321 | Abyss:2  | 14321 ||| READING 3 scrolls of teleportation.
 14321 | Abyss:2  | HP: 7/91 [large abomination (8)]
 14322 | Abyss:2  | 14322 ||| DRINKING 2 potions of heal wounds.
 14324 | Abyss:2  | 14324 ||| INVOKING Heroism.
 14371 | Abyss:2  | Noticed a tentacled starspawn
 14372 | Abyss:2  | 14372 ||| Stepping ~*~*~tactically~*~*~ (stealth).
 14373 | Abyss:2  | 14373 ||| Stepping ~*~*~tactically~*~*~ (stealth).
 14374 | Abyss:2  | 14374 ||| Stepping ~*~*~tactically~*~*~ (stealth).
 14375 | Abyss:2  | 14375 ||| INVOKING Heroism.
 14383 | Abyss:2  | Killed a tentacled starspawn
 14384 | Abyss:2  | Reached skill level 3 in Throwing
 14405 | Abyss:2  | Reached skill level 12 in Fighting
 14441 | Abyss:2  | Noticed a tentacled starspawn
 14442 | Abyss:2  | 14442 ||| Stepping ~*~*~tactically~*~*~ (stealth).
 14449 | Abyss:2  | Killed a tentacled starspawn
 14490 | Abyss:2  | 14490 ||| Stepping ~*~*~tactically~*~*~ (stealth).
 14497 | Abyss:2  | Noticed a tentacled starspawn
 14498 | Abyss:2  | 14498 ||| Stepping ~*~*~tactically~*~*~ (stealth).
 14539 | Abyss:2  | 14539 ||| INVOKING Heroism.
 14542 | Abyss:2  | Killed a tentacled starspawn
 14555 | Abyss:2  | 14555 ||| Stepping ~*~*~tactically~*~*~ (stealth).
 14586 | Abyss:2  | 14586 ||| INVOKING Heroism.
 14710 | Abyss:2  | 14710 ||| Stepping ~*~*~tactically~*~*~ (stealth).
 14737 | Abyss:2  | Received a gift from Okawaru
 14748 | Abyss:2  | 14748 ||| Stepping ~*~*~tactically~*~*~ (stealth).
 14753 | Abyss:2  | 14753 ||| Stepping ~*~*~tactically~*~*~ (stealth).
 14779 | Abyss:2  | Noticed a bone dragon
 14781 | Abyss:2  | 14781 ||| INVOKING Heroism.
 14788 | Abyss:2  | HP: 22/92 [bone dragon (13)]
 14789 | Abyss:2  | 14789 ||| READING 2 scrolls of teleportation.
 14790 | Abyss:2  | 14790 ||| DRINKING potion of heal wounds.
 14802 | Abyss:2  | Killed a bone dragon
 14805 | Lair:5   | Escaped the Abyss
 15100 | Lair:5   | 15100 ||| Stepping ~*~*~tactically~*~*~ (hiding).
 15102 | Lair:5   | 15102 ||| INVOKING Finesse.
 15106 | Lair:5   | Killed Sonja
 15195 | Lair:5   | 15195 ||| Stepping ~*~*~tactically~*~*~ (stealth).
 15195 | Lair:5   | Noticed Kirke
 15198 | Lair:5   | 15198 ||| INVOKING Heroism.
 15210 | Lair:5   | Reached skill level 16 in Axes
 15212 | Lair:5   | Killed Kirke
 15532 | Lair:5   | 15532 ||| Stepping ~*~*~tactically~*~*~ (hiding).
 15537 | Lair:5   | 15537 ||| INVOKING Heroism.
 15685 | Lair:5   | 15685 ||| PLANNING D:1-11
 15826 | D:10     | Entered Level 10 of the Dungeon
 15865 | D:10     | 15865 ||| Stepping ~*~*~tactically~*~*~ (hiding).
 15869 | D:10     | 15869 ||| Stepping ~*~*~tactically~*~*~ (hiding).
 15955 | D:10     | 15955 ||| Stepping ~*~*~tactically~*~*~ (hiding).
 15956 | D:10     | 15956 ||| Stepping ~*~*~tactically~*~*~ (hiding).
 15991 | D:10     | Found a hide-covered altar of Uskayaw.
 16006 | D:10     | 16006 ||| Stepping ~*~*~tactically~*~*~ (stealth).
 16084 | D:10     | 16084 ||| Stepping ~*~*~tactically~*~*~ (hiding).
 16263 | D:10     | Noticed Psyche
 16280 | D:10     | Killed Psyche
 16552 | D:10     | Found a hazy altar of Hepliaklqana.
 16629 | D:10     | 16629 ||| DROPPING +0 ring mail of positive energy.
 16691 | D:11     | 16691 ||| Stepping ~*~*~tactically~*~*~ (stealth).
 16826 | D:11     | 16826 ||| DROPPING +0 heavy war axe.
 16871 | D:11     | 16871 ||| INVOKING Heroism.
 16872 | D:11     | 16872 ||| INVOKING Finesse.
 16931 | D:11     | Found an opulent altar of Gozag.
 16975 | D:11     | 16975 ||| INVOKING Heroism.
 17187 | D:11     | 17187 ||| Stepping ~*~*~tactically~*~*~ (hiding).
 17341 | D:11     | 17341 ||| Stepping ~*~*~tactically~*~*~ (hiding).
 17345 | D:11     | 17345 ||| Stepping ~*~*~tactically~*~*~ (hiding).
 17401 | D:11     | 17401 ||| Stepping ~*~*~tactically~*~*~ (hiding).
 17403 | D:11     | 17403 ||| Stepping ~*~*~tactically~*~*~ (hiding).
 17516 | D:11     | 17516 ||| Stepping ~*~*~tactically~*~*~ (stealth).
 17787 | D:11     | 17787 ||| PLANNING D
 17787 | D:11     | 17787 ||| DROPPING ring of wizardry.
 17902 | D:12     | 17902 ||| FLEEEEING.
 17903 | D:12     | 17903 ||| FLEEEEING.
 17904 | D:12     | 17904 ||| FLEEEEING.
 17905 | D:12     | 17905 ||| FLEEEEING.
 17906 | D:12     | 17906 ||| FLEEEEING.
 17907 | D:12     | 17907 ||| FLEEEEING.
 17908 | D:12     | 17908 ||| FLEEEEING.
 17909 | D:12     | 17909 ||| FLEEEEING.
 17910 | D:12     | 17910 ||| FLEEEEING.
 17912 | D:12     | 17912 ||| FLEEEEING.
 17913 | D:12     | 17913 ||| FLEEEEING.
 17914 | D:12     | 17914 ||| FLEEEEING.
 17919 | D:12     | 17919 ||| FLEEEEING.
 17920 | D:12     | 17920 ||| FLEEEEING.
 17921 | D:12     | 17921 ||| FLEEEEING.
 17930 | D:12     | 17930 ||| INVOKING Heroism.
 18372 | D:12     | 18372 ||| Stepping ~*~*~tactically~*~*~ (stealth).
 18374 | D:12     | 18374 ||| Stepping ~*~*~tactically~*~*~ (hiding).
 18407 | D:12     | 18407 ||| READING scroll labelled JYALAWYALO.
 18622 | D:12     | 18622 ||| Stepping ~*~*~tactically~*~*~ (hiding).
 18625 | D:12     | 18625 ||| Stepping ~*~*~tactically~*~*~ (hiding).
 19093 | D:13     | 19093 ||| INVOKING Heroism.
 19098 | D:13     | 19098 ||| DRINKING 5 potions of curing.
 19098 | D:13     | 19098 ||| (to cure confusion)
 19099 | D:13     | 19099 ||| DRINKING 4 potions of curing.
 19099 | D:13     | 19099 ||| (to cure confusion)
 19100 | D:13     | 19100 ||| DRINKING 3 potions of curing.
 19100 | D:13     | 19100 ||| (to cure confusion)
 19101 | D:13     | 19101 ||| INVOKING Finesse.
 19102 | D:13     | 19102 ||| DRINKING 2 potions of curing.
 19102 | D:13     | 19102 ||| (to cure confusion)
 19105 | D:13     | Reached XP level 15. HP: 45/98 MP: 15/22
 19357 | D:13     | 19357 ||| Stepping ~*~*~tactically~*~*~ (hiding).
 19366 | D:13     | Reached skill level 9 in Shields
 19486 | D:13     | 19486 ||| INVOKING Heroism.
 19809 | D:13     | 19809 ||| DRINKING potion of curing.
 19809 | D:13     | 19809 ||| (to cure confusion)
 19835 | D:13     | Found a gate to the Vaults.
 19872 | D:13     | 19872 ||| SWAPPING to +0 broad axe.
 19873 | D:13     | 19873 ||| DROPPING +6 war axe.
 20038 | D:13     | 20038 ||| UPGRADING to +0 plate armour.
 20048 | D:13     | 20048 ||| DROPPING +0 chain mail.
 20049 | D:13     | 20049 ||| UPGRADING to +0 tower shield.
 20059 | D:13     | 20059 ||| DROPPING +0 buckler.
 20060 | D:13     | 20060 ||| READING scroll labelled NIEMAA KUETZIU.
 20090 | D:14     | 20090 ||| Stepping ~*~*~tactically~*~*~ (hiding).
 20093 | D:14     | 20093 ||| Stepping ~*~*~tactically~*~*~ (hiding).
 20186 | D:14     | Found a runed translucent gate.
 20186 | D:14     | Found a runed translucent gate.
 20209 | D:14     | 20209 ||| INVOKING Heroism.
 20220 | D:14     | HP: 22/100 [meliai/divine providence (12)]
 20221 | D:14     | 20221 ||| READING 2 scrolls of teleportation.
 20221 | D:14     | HP: 9/100 [meliai/divine providence (13)]
 20222 | D:14     | Killed from afar by a meliai

Levels and vault maps discovered:
D:1:      heliophobic_arrival_dark_side_of_the_moon, layout_basic
D:2:      layout_basic, uniq_natasha
D:3:      layout_basic, uniq_grinder
D:4:      layout_loops_ring, uniq_blork_the_orc
D:5:      layout_rooms, temple_pool_b, minmay_misc_feat_pillars
D:6:      layout_gridville, st_stairs_7, uniq_pikel, uniq_eustachio,
          uniq_prince_ribbit1
D:7:      layout_loops_ring, mainiacjoe_overflow_paths, serial_demonic,
          serial_demonic_b, serial_demonic_d, serial_demonic_c, serial_demonic_b
D:8:      layout_basic, elyvilon_altar_1
D:9:      layout_gridville, mainiacjoe_overflow_divided_tiny,
          dpeg_lair_monsters, orc_0_dummy, serial_glass, glass_columns_a,
          glass_columns_b, serial_shops, shop, uniq_maurice, uniq_erica
D:10:     layout_basic, mainiacjoe_overflow_concentric_impassable,
          nicolae_hepliaklqana_monster_ancestors, uniq_psyche
D:11:     layout_irregular_city, serial_ice, serial_ice_h, serial_ice_b,
          serial_ice_d, serial_ice_f, serial_ice_l, serial_ice_c, serial_ice_e,
          portal_ice_cave_demonic_guard, kennysheep_big_empty_room,
          grunt_gozag_statues
D:12:     layout_basic
D:13:     layout_basic, david_vaults_5, nicolae_eternal_life
D:14:     layout_basic, special_room [special_room_bee],
          gammafunk_ghost_hydra_chop, minmay_misc_feat_cross, uniq_frances
Temple:   nicolae_temple_x_marks_the_god
Lair:1:   layout_regular_city, gammafunk_ghost_necromancy,
          nicolae_quartered_pool_impasse, minmay_lair_oklob_bushes,
          grunt_megastairs_1
Lair:2:   layout_big_grid, swamp_mist, grunt_megastairs_3
Lair:3:   layout_loops_ring, spider_nest_entry_web_field, nzn_ghost_randoct,
          st_stairs_4, lemuel_fruit_tree, infiniplex_staircase_pool_2,
          lemuel_fruit_fields
Lair:4:   layout_regular_city, slime_entry_1, st_stairs_8,
          infiniplex_staircase_pool
Lair:5:   grunt_lair_end_beastmaster, layout_small_grid, uniq_kirke, uniq_sonja

Skill      XL: |  1  2  3  4  5  6  7  8  9 10 11 12 13 14 15 |
---------------+----------------------------------------------+-----
Axes           | 2 3 5 7 9 10 11 12 14 15 16 | 16.0
Fighting       | 4 5 6 7 9 10 11 13 | 13.7
Dodging        | 1 3 |  3.2
Throwing       | 1 2 3 |  3.8
Armour         | 4 5 6 7 8 9 10 11 | 11.0
Shields        | 4 5 6 7 8 9 |  9.6
Invocations    | 3 4 8 10 | 10.0

Action                     |  1- 3 |  4- 6 |  7- 9 | 10-12 | 13-15 || total
---------------------------+-------+-------+-------+-------+-------++-------
  Melee: War axe           |    70 |    85 |   383 |   454 |   771 ||  1763
         Morningstar       |       |       |       |     7 |     2 ||     9
         Broad axe         |       |       |       |       |    40 ||    40
  Throw: Boomerang         |    22 |    26 |    72 |   115 |   176 ||   411
         Javelin           |       |       |       |       |     6 ||     6
 Invoke: Heroism           |       |       |     6 |    27 |    23 ||    56
         Finesse           |       |       |       |     2 |     8 ||    10
    Use: Scroll            |     3 |     2 |     5 |    12 |     7 ||    29
         Potion            |       |     3 |     5 |     2 |     7 ||    17
   Stab: Petrified         |       |       |       |     4 |       ||     4
 Armour: Scale mail        |    32 |    56 |       |       |       ||    88
         Chain mail        |       |       |   195 |   177 |   352 ||   724
         Plate armour      |       |       |       |       |    32 ||    32
  Dodge: Dodged            |    30 |    45 |   204 |   193 |   391 ||   863
  Block: Buckler           |    17 |    10 |    69 |    66 |   167 ||   329
         Tower shield      |       |       |       |       |    56 ||    56

Table legend:
 A = Non-vault XP
 B = Vault XP
 C = Vault XP percentage of total XP
 D = Non-vault monster count
 E = Vault monster count
 F = Vault count percentage of total count
                 A         B        C        D         E       F
            +---------+---------+-------+---------+---------+-------
      Total |   74996 |   23041 |  23.5 |     383 |      70 |  15.5
            +---------+---------+-------+---------+---------+-------
        D:1 |      23 |       0 |   0.0 |      13 |       0 |   0.0
        D:2 |      83 |      36 |  30.3 |      19 |       1 |   5.0
        D:3 |      74 |     272 |  78.6 |      14 |       1 |   6.7
        D:4 |     411 |      96 |  18.9 |      24 |       1 |   4.0
        D:5 |     409 |       0 |   0.0 |      24 |       0 |   0.0
        D:6 |     726 |    1242 |  63.1 |      14 |       6 |  30.0
        D:7 |    1002 |      16 |   1.6 |      18 |       2 |  10.0
        D:8 |    1236 |       0 |   0.0 |      12 |       0 |   0.0
        D:9 |     600 |    3671 |  86.0 |      11 |       7 |  38.9
       D:10 |    1950 |     362 |  15.7 |      29 |       3 |   9.4
       D:11 |    6081 |     895 |  12.8 |      17 |       6 |  26.1
       D:12 |    2687 |       0 |   0.0 |      14 |       0 |   0.0
       D:13 |    8430 |     865 |   9.3 |      22 |       1 |   4.3
       D:14 |    2753 |     554 |  16.8 |      11 |       5 |  31.2
     Lair:1 |    3885 |    2077 |  34.8 |      17 |       8 |  32.0
     Lair:2 |    7205 |    1341 |  15.7 |      18 |       5 |  21.7
     Lair:3 |    8009 |    1129 |  12.4 |      26 |       2 |   7.1
     Lair:4 |    7924 |     413 |   5.0 |      29 |       1 |   3.3
     Lair:5 |    7917 |   10072 |  56.0 |      24 |      21 |  46.7
    Abyss:2 |   13591 |       0 |   0.0 |      27 |       0 |   0.0
            +---------+---------+-------+---------+---------+-------
